 Dungeon Sprint DCSS version 0.21-a0-94-gdd6ab6a (webtiles) character file.

73 Kidiri the Sneak (level 4, 0/23 HPs)
             Began as a Spriggan Enchanter on July 1, 2017.
             Succumbed to a worker ant's poison
             ... in the Dungeon (Sprint II: "The Violet Keep of Menkaure").
             The game lasted 00:00:31 (23 turns).

Kidiri the Sneak (Spriggan Enchanter)                 Turns: 23, Time: 00:00:32

Health: 0/23       AC:  2    Str:  4    XL:     4   Next: 8%
Magic:  7/11       EV: 21    Int: 16    God:
Gold:   0          SH:  0    Dex: 17    Spells: 11/12 levels left

rFire    . . .     SeeInvis +   a - +1 dagger
rCold    . . .     Gourm    .   (shield restricted)
rNeg     . . .     Faith    .   b - +0 robe
rPois    .         Spirit   .   (helmet restricted)
rElec    .         Reflect  .   (no cloak)
rCorr    .         Harm     .   (gloves unavailable)
MR       .....     NoTele   +   (boots unavailable)
Stlth    ++++......             (no amulet)
HPRegen  0.07/turn              (no ring)
MPRegen  0.12/turn              (no ring)

@: lethally poisoned (0 -> -7), berserk cooldown, slowed, quick
A: unfitting armour, see invisible, herbivore 3, speed 3, slow metabolism 2
a: no special abilities


You were in the Dungeon.
You were not hungry.

You visited 1 branch

Inventory:

Hand Weapons
 a - a +1 dagger (weapon)
Armour
 b - a +0 robe (worn)
Scrolls
 j - a scroll of blinking
Potions
 f - a potion of heal wounds
 g - a potion of haste
 h - 2 potions of magic
Books
 c - a book of Maledictions

   Spells                             Type                      Level
   a - Corona                         Hexes                        1
   b - Ensorcelled Hibernation        Hexes/Ice                    2
   c - Confuse                        Hexes                        3
   d - Tukima's Dance                 Hexes                        3
   e - Dazzling Spray                 Conjuration/Hexes            3
Comestibles
 d - a bread ration


   Skills:
 + Level 1.7 Fighting
 * Level 3.4 Short Blades
 + Level 1.5 Armour
 * Level 5.4 Dodging
 * Level 7.1 Stealth
 * Level 4.8 Spellcasting
 + Level 4.7 Hexes


You had 11 spell levels left.
You knew the following spells:

 Your Spells              Type           Power        Failure   Level  Hunger
a - Corona                Hex            ###....      2%          1    None


Dungeon Overview and Level Annotations

Branches:
Dungeon (1/1)

Altars:


Innate Abilities, Weirdness & Mutations

You are very small and have problems with some larger weapons.
You are too small for most types of armour.
You have supernaturally acute eyesight. (SInv)
You are a herbivore.
You cover ground extremely quickly.
You need consume almost no food.


Message History

The worker ant closely misses you.
You puncture the worker ant!
You kill the worker ant!
Your Stealth skill increases to level 7!
You have reached level 4!
You are no longer berserk.
You are exhausted.
You feel yourself slow down.
* * * LOW HITPOINT WARNING * * *
You feel sick.
Unknown command.
You feel better. The worker ant bites you.
You are lethally poisoned!
The worker ant poisons you! The worker ant completely misses you.
You hit the worker ant but do no damage.
* * * LOW HITPOINT WARNING * * *
You feel sick. The worker ant bites you.
* * * LOW HITPOINT WARNING * * *
You hit the worker ant but do no damage.
You die...

## ## ##.
.## .w w.
.#$ ##
#+#
#..###.##
#a@.<.+
#..###.##
## #+#


You could see a worker ant.

Vanquished Creatures
  3 worker ants (D)
3 creatures vanquished.

Vanquished Creatures (others)
  A crocodile (D)
1 creature vanquished.

Grand Total: 4 creatures vanquished

Notes
Turn   | Place    | Note
-------+----------+-------------------------------------------
     0 | D        | Kidiri the Spriggan Enchanter began the quest for the Orb.
     0 | D        | Reached XP level 1. HP: 9/9 MP: 5/5
     1 | D        | Noticed a tyrant leech
     1 | D        | Noticed a tyrant leech
     5 | D        | Noticed a worker ant
     5 | D        | Noticed a worker ant
     6 | D        | Noticed a worker ant
     7 | D        | Noticed a worker ant
    10 | D        | Killed a worker ant
    10 | D        | Reached skill level 1 in Fighting
    10 | D        | Reached skill level 1 in Armour
    10 | D        | Reached skill level 5 in Stealth
    10 | D        | Reached XP level 2. HP: 11/14 MP: 6/8
    14 | D        | Killed a crocodile
    16 | D        | Reached skill level 5 in Dodging
    16 | D        | Reached skill level 6 in Stealth
    16 | D        | Reached XP level 3. HP: 8/18 MP: 6/9
    19 | D        | Reached skill level 7 in Stealth
    19 | D        | Reached XP level 4. HP: 10/23 MP: 6/11
    22 | D        | HP: 1/23 [worker ant (5)]
    23 | D        | Succumbed to a worker ant's poison

Vault maps used:
D:        the_violet_keep_of_menkaure

Skill      XL: |  1  2  3 |
---------------+----------+-----
Fighting       | 1 |  1.7
Short Blades   | 2 3 |  3.4
Armour         | 1 |  1.5
Dodging        | 4 5 |  5.4
Stealth        | 5 6 7 |  7.1
Spellcasting   | 4 |  4.8
Hexes          | 4 |  4.7

Action                   |  1- 3 |  4- 6 || total
-------------------------+-------+-------++-------
Melee: Dagger            |    12 |     2 ||    14
  Use: Potion            |     1 |     1 ||     2
Dodge: Dodged            |     5 |     1 ||     6
